 Dungeon Crawl Stone Soup version 0.29.0 (webtiles) character file.

Game seed: 10384787177974698706

3 gelatine the Magician (level 1, 0/13 HPs)
             Began as a Mummy Venom Mage on Aug 24, 2022.
             Slain by a jackal (1 damage)
             ... on level 1 of the Dungeon.
             The game lasted 00:00:45 (154 turns).

gelatine the Magician (Mummy Venom Mage)             Turns: 154, Time: 00:00:45

Health: 0/13       AC:  2    Str: 11    XL:     1   Next: 41%
Magic:  0/4        EV: 12    Int: 14    God:
Gold:   0          SH:  0    Dex: 12    Spells: 4/5 levels left

rFire   x . .      SeeInvis .   (no weapon)
rCold   + . .      Faith    .   (no shield)
rNeg    + + +      Spirit   .   a - +0 robe
rPois   ∞          Reflect  .   (no helmet)
rElec   .          Harm     .   (no cloak)
rCorr   .          Rampage  .   (no gloves)
Will    .....                   (no boots)
Stlth   ++........              (no amulet)
HPRegen 0.04/turn               (no ring)
MPRegen 0.09/turn               (no ring)

@: no status effects
A: cold resistance 1, negative energy resistance 3, torment resistance 2, heat
vulnerability 1, no potions
a: no special abilities


You were on level 1 of the Dungeon.
You visited 1 branch of the dungeon, and saw 1 of its levels.

Inventory:

Armour
 a - a +0 robe (worn)


   Skills:
 + Level 1.5 Dodging
 + Level 1.5 Stealth
 + Level 2.7 Spellcasting
 + Level 0.7 Transmutations
 + Level 2.6 Poison Magic


You had 4 spell levels left.
You knew the following spells:

 Your Spells              Type           Power      Damage    Failure   Level
a - Sting                 Tmut/Pois      24%        1d4       11%         1

Your spell library contained the following spells:

 Spells                   Type           Power      Damage    Failure   Level
 Poisonous Vapours        Pois/Air       10%        N/A       21%         2
 Mephitic Cloud           Conj/Pois/Air  4%         N/A       43%         3
 Olgreb's Toxic Radiance  Pois           9%         N/A       58%         4


Dungeon Overview and Level Annotations

Branches:
Dungeon (1/15)

Altars:


Innate Abilities, Weirdness & Mutations

You are immune to poison.
Your flesh is cold resistant. (rC+)
You are immune to negative energy. (rN+++)
You are immune to unholy pain and torment.
You are vulnerable to heat. (rF-)
You do not drink.


Message History

Your magical contamination has completely faded away.
You closely miss the jackal. The jackal bites you.
You hit the jackal but do no damage. The jackal bites you.
You closely miss the jackal. The jackal bites you. x2
You miss the jackal. The jackal barely misses you.
You are too injured to fight recklessly!
Casting: Sting (safe; 11% risk of failure)
Confirm with . or Enter, or press ? or * to list all spells.
Aiming: Sting (safe; 11% risk of failure)
Press: ? - help, Shift-Dir - straight line, f - jackal
Aim: a jackal (60% to hit)
The sting misses the jackal.
The sting misses the hobgoblin.
The jackal closely misses you. x2
The jackal attacks as you move away! The jackal completely misses you.
The jackal completely misses you.
You see here an amethyst potion.
As you read the scroll labelled HAASIN TUR, it crumbles to dust.
It is a scroll of identify.
Really abort (and waste the scroll)? [Y]es or [N]o only, please.
Really abort (and waste the scroll)? [Y]es or [N]o only, please.
Really abort (and waste the scroll)? [Y]es or [N]o only, please.
Really abort (and waste the scroll)? [Y]es or [N]o only, please.
Really abort (and waste the scroll)? [Y]es or [N]o only, please.
Really abort (and waste the scroll)? [Y]es or [N]o only, please.
Really abort (and waste the scroll)?
Okay, then.
The jackal completely misses you. The jackal bites you.
* * * LOW HITPOINT WARNING * * *
You closely miss the jackal. The jackal bites you.
* * * LOW HITPOINT WARNING * * *
You hit the jackal.
The jackal is moderately wounded.
The jackal bites you.
You die...

#####..#
.......#######
#.......#
#)#..h.... ###
#.#..gh[.? #..
#w#....... #.#
#g####.... #.#
#h# #... #.# #@#
#.. #.#####.# ..
#.......# ##..
#.~♣♣♣♣♣♣♣♣♣~..
#~~♣♣♣≈♣♣≈≈≈~~.#
#♣≈~~~~~~~~~♣♣.#
♣≈~~~~~~~~~≈♣.#
♣♣~~~~<~~~~≈♣.#
♣≈~~~~~~~~~≈♣.#


You could see a dart slug, a jackal and a hobgoblin.

Vanquished Creatures
  A goblin (D:1)
  A jackal (D:1)
  A bat (D:1)
3 creatures vanquished.

Notes
Turn   | Place    | Note
-------+----------+-------------------------------------------
     0 | D:1      | gelatine the Mummy Venom Mage began the quest for the Orb.
     0 | D:1      | Reached XP level 1. HP: 13/13 MP: 4/4
   154 | D:1      | Slain by a jackal

Illustrated notes

Levels and vault maps discovered:
D:1:      reono_arrival_forest_river, layout_basic, basic_ecumenical_altar,
          st_stairs_8

Action                   || total
-------------------------++-------
Melee: Unarmed           ||     8
 Cast: Sting             ||     6
  Use: Scroll            ||     1
Armor: Robe              ||     1
Dodge: Dodged            ||    13
